 Dungeon Crawl Stone Soup version 0.29-a0-275-g389c0b56f3 (webtiles) character file.

Game seed: 18322211941020889873

1030 tilp the Chiller (level 8, 36/36 HPs)
             Began as a Felid Ice Elementalist on Mar 10, 2022.
             Quit the game on level 8 of the Dungeon.
             The game lasted 00:19:17 (9215 turns).

tilp the Chiller (Felid Ice Elementalist)           Turns: 9215, Time: 00:19:18

Health: 36/36      AC:  6    Str:  4    XL:     8   Next: 3%
Magic:  16/16      EV: 22    Int: 20    God:
Gold:   72         SH:  0    Dex: 17    Spells: 3/17 levels left
                                        Lives:  0   Deaths: 2

rFire   . . .      SeeInvis +     - Unarmed
rCold   . . .      Faith    .   (shield unavailable)
rNeg    . . .      Spirit   .   (body armour unavailable)
rPois   .          Reflect  .   (helmet unavailable)
rElec   .          Harm     .   (cloak unavailable)
rCorr   .          Rampage  .   (gloves unavailable)
Will    +....                   (boots unavailable)
Stlth   +++.......              c - amulet of magic regeneration
HPRegen 0.12/turn               q - +4 ring of evasion
MPRegen 0.55/turn               d - +4 ring of protection

@: quick
A: very small, claws 1, fangs 3, see invisible, speed 1, shaggy fur 2, stealthy
paws, no weapons or thrown items, no armour, multi-lived
a: no special abilities


You were on level 8 of the Dungeon.
You visited 1 branch of the dungeon, and saw 8 of its levels.
You also visited: Sewer and Ossuary.

You collected 443 gold pieces.
You spent 371 gold pieces at shops.

Inventory:

Jewellery
 c - an amulet of magic regeneration (around neck)
 d - a +4 ring of protection (right paw)
 g - a ring of resist corrosion
 m - an amulet of faith
 q - a +4 ring of evasion (left paw)
Wands
 r - a wand of polymorph (4)
 s - a wand of digging (4)
 A - a wand of charming (6)
 C - a wand of mindburst (20)
Scrolls
 i - 2 scrolls of teleportation
 t - 2 scrolls of silence
 u - a scroll of amnesia
 v - 2 scrolls of fog
 x - a scroll of magic mapping
 y - a scroll of torment
 z - a scroll of fear
 B - a scroll of identify
Potions
 a - 2 potions of magic
 b - 2 potions of haste
 e - 6 potions of resistance
 f - 6 potions of heal wounds
 h - a potion of invisibility
 j - a potion of flight
 k - 2 potions of curing
 l - 2 potions of cancellation
 n - 3 potions of mutation
 o - a potion of lignification
 p - 2 potions of might
 w - 2 potions of ambrosia


   Skills:
 - Level 4.0 Fighting
 - Level 4.0 Dodging
 - Level 4.0 Stealth
 - Level 2.0 Unarmed Combat
 - Level 5.0 Spellcasting
 * Level 7.0 Conjurations
 + Level 7.8 Ice Magic
 - Level 4.0 Earth Magic
 - Level 2.0 Evocations


You had 3 spell levels left.
You knew the following spells:

 Your Spells              Type           Power      Damage    Failure   Level
a - Freeze                Ice            100%       1d11      1%          1
b - Frozen Ramparts       Ice            72%        1d9       1%          3
c - Ozocubu's Armour      Ice            36%        N/A       1%          3
d - Hailstorm             Conj/Ice       34%        3d9       5%          4
e - Stone Arrow           Conj/Erth      54%        3d10      3%          3

Your spell library contained the following spells:

 Spells                   Type           Power      Damage    Failure   Level
 Conjure Flame            Conj/Fire      19%        6-21      9%          3
 Ignite Poison            Fire/Tmut/Pois 5%         N/A       34%         3
 Sticky Flame             Conj/Fire      19%        2d4       26%         4
 Lehudib's Crystal Spear  Conj/Erth      13%        10d5      100%        8
 Animate Armour           Summ/Erth      Unusable   N/A       N/A         4

Dungeon Overview and Level Annotations

Branches:
Dungeon (8/15)             Temple (0/1) D:7           Sewer (visited)
Ossuary (visited)
   Lair: D:8-11

Altars:
Ashenzari
Hepliaklqana
Kikubaaqudgha
Makhleb
Nemelex Xobeh
Okawaru
Sif Muna
Vehumet
Wu Jian
Xom
The Shining One

Shops:
D:1 [   D:6 (??*

Annotations:
D:8 exclusions: two-headed ogre and vampire


Innate Abilities, Weirdness & Mutations

You have sharp claws.
You have razor-sharp teeth.
You have supernaturally acute eyesight. (SInv)
You cover ground quickly. (Speed+)
You are covered in thick fur. (AC +2)
Your paws help you pounce on unaware monsters.
You are incapable of wielding weapons or throwing items.
You cannot wear armour.
You gain extra lives every three experience levels.


Message History

Aim: a steam dragon (almost dead, catching its breath)
You freeze the steam dragon!
You kill the steam dragon!
You are engulfed in a cloud of scalding steam.
* * * LOW HITPOINT WARNING * * *
Your Conjurations skill increases to level 7!
Welcome back to level 9!
Unknown command.
Your magical contamination has completely faded away.
Things that are here:
a +0 short sword; a +0 ring mail; an orc corpse You start resting.
An orc warrior comes into view. It is wielding a +0 long sword.
An orc warrior is nearby!
An orc warrior is nearby!
Things that are here:
a +0 short sword; a +0 ring mail; an orc corpse You see here a +0 dagger.
Things that are here:
a +0 short sword; a curare-tipped dart The orc warrior completely misses you.
An ice beast comes into view.
The ice beast hits you but does no damage.
The ice beast completely misses you. The ice beast hits you.
* * * LOW HITPOINT WARNING * * *
The ice beast freezes you!
* * * LOW HITPOINT WARNING * * *
Items here: )) [[.
There is an escape hatch in the floor here.
Things that are here:
a +0 robe; a +2 dagger of electrocution An ice beast is nearby!
You see here a +0 buckler.
The orc warrior shouts!
The orc warrior hits you with a +0 long sword.
You die...
You are now level 8!
You rejoin the land of the living...
Are you sure you want to abandon this character and quit the game? (Confirm with "yes".) ########## .......@.# .#######.# .# .# .# .# .. ##

There were no monsters in sight!

Vanquished Creatures
  Sigmund (D:2)
  2 steam dragons
  A warg (D:8)
  2 water moccasins
  3 orc warriors
  A black bear (D:5)
  3 ice beasts
  3 sky beasts
  Pargi (Sewer)
  2 centaurs (D:6)
  3 kobold brigands
  2 bullfrogs
  A necrophage (D:7)
  3 elf skeletons (D:5)
  A scorpion (D:5)
  2 crimson imps (D:6)
  A hound (D:5)
  4 orc priests
  A gnoll shaman (D:7)
  3 iron imps (D:7)
  2 jellies
  2 human skeletons (D:5)
  4 iguanas
  12 orc wizards
  2 mummies (Ossuary)
  6 gnolls
  6 adders
  A river rat (D:6)
  A shadow imp (D:6)
  3 worms
  A dart slug (D:2)
  39 orcs
  5 endoplasms
  A giant cockroach (D:4)
  5 goblins
  6 hobgoblins
  20 kobolds
  7 quokkas
  3 ball pythons
  4 bats
  4 frilled lizards
  An orc skeleton (D:5)
  6 rats
181 creatures vanquished.

Notes
Turn   | Place    | Note
-------+----------+-------------------------------------------
     0 | D:1      | tilp the Felid Ice Elementalist began the quest for the
                  | Orb.
     0 | D:1      | Reached XP level 1. HP: 7/7 MP: 4/4
   247 | D:1      | Found Beapo's Antique Armour Emporium.
   505 | D:1      | Found a faded altar of an unknown god.
   533 | D:1      | Reached XP level 2. HP: 12/12 MP: 3/6
   818 | D:2      | Noticed Sigmund
   955 | D:2      | Reached skill level 1 in Fighting
   959 | D:2      | Reached XP level 3. HP: 15/15 MP: 4/7
   963 | D:2      | Learned a level 3 spell: Frozen Ramparts
  1710 | D:2      | Learned a level 3 spell: Ozocubu's Armour
  2326 | D:3      | Found an ornate altar of the Wu Jian Council.
  2384 | D:3      | Found a glowing golden altar of the Shining One.
  2474 | D:3      | Reached XP level 4. HP: 19/19 MP: 2/8
  3223 | D:4      | Noticed a steam dragon
  3290 | D:4      | Reached XP level 5. HP: 22/22 MP: 3/10
  3294 | D:4      | Learned a level 3 spell: Stone Arrow
  3561 | D:4      | Killed a steam dragon
  3562 | D:4      | Reached skill level 5 in Ice Magic
  3562 | D:4      | Gained mutation: You are covered in thick fur. (AC +2)
                  | [Felid growth]
  3562 | D:4      | Reached XP level 6. HP: 24/26 MP: 5/11
  3795 | D:5      | Entered Level 5 of the Dungeon
  3834 | D:5      | Reached skill level 1 in Unarmed Combat
  3834 | D:5      | Reached skill level 1 in Evocations
  3855 | D:5      | Found a hazy altar of Hepliaklqana.
  3876 | D:5      | Noticed an ice beast
  3889 | D:5      | Reached XP level 7. HP: 19/30 MP: 6/12
  4390 | D:5      | Found a sand-covered staircase.
  4417 | D:5      | Reached skill level 1 in Conjurations
  4567 | Ossuary  | Entered an ossuary
  4650 | D:5      | Reached skill level 1 in Earth Magic
  4650 | D:5      | Reached XP level 8. HP: 30/36 MP: 12/14
  5145 | D:5      | Found a broken altar of Ashenzari.
  5206 | D:5      | Found a shimmering altar of Xom.
  5320 | D:5      | Found a shimmering blue altar of Sif Muna.
  5320 | D:5      | Found a sparkling altar of Nemelex Xobeh.
  5325 | D:5      | Found an iron altar of Okawaru.
  5617 | D:6      | Found a glowing drain.
  5648 | Sewer    | Entered a sewer
  5669 | Sewer    | Noticed Pargi
  5675 | Sewer    | Killed Pargi
  6118 | D:6      | Found a radiant altar of Vehumet.
  6643 | D:6      | Found Ukoeggag's Assorted Antiques.
  6652 | D:6      | Bought a scroll labelled PILOZA TEOMY for 25 gold pieces
  6656 | D:6      | Found Fieziyhy's Magic Scroll Shoppe.
  6661 | D:6      | Bought a scroll of amnesia for 42 gold pieces
  6661 | D:6      | Bought a scroll of silence for 90 gold pieces
  6661 | D:6      | Bought a scroll of fog for 24 gold pieces
  6661 | D:6      | Bought a scroll of magic mapping for 42 gold pieces
  6747 | D:6      | Found Vassiulu's Magic Scroll Shoppe.
  6809 | D:6      | Identified the +5 trident "Hica Arret" {drain, Int+3
                  | Stlth+}
  6816 | D:6      | Reached XP level 9. HP: 35/39 MP: 3/16
  6827 | D:6      | Found Ilitim's Magic Scroll Shoppe.
  6860 | D:6      | Found Nirchai's Antique Weapon Shop.
  7155 | D:6      | Bought a scroll of identify for 24 gold pieces
  7155 | D:6      | Bought a scroll of identify for 24 gold pieces
  7155 | D:6      | Bought a scroll of identify for 24 gold pieces
  7178 | D:7      | Found an ancient bone altar of Kikubaaqudgha.
  7231 | D:7      | Reached skill level 5 in Conjurations
  7364 | D:7      | Found a staircase to the Ecumenical Temple.
  7673 | D:7      | Learned a level 4 spell: Hailstorm
  7702 | D:7      | Reached skill level 5 in Spellcasting
  7941 | D:7      | Found a burning altar of Makhleb.
  8483 | D:6      | Bought a scroll of identify for 26 gold pieces
  8517 | D:6      | Bought a scroll of identify for 50 gold pieces
  8552 | D:8      | Identified the +3 arbalest "Vissocs" {flame, rF+ Str+4
                  | Dex-3}
  8555 | D:8      | Noticed a two-headed ogre
  8676 | D:2      | Killed Sigmund
  8985 | D:8      | Asphyxiated
  8986 | D:8      | Reached XP level 8. HP: -4/36 MP: 12/16
  9133 | D:8      | Reached XP level 9. HP: 13/39 MP: 3/17
  9169 | D:8      | HP: 1/39 [ice beast (13)]
  9214 | D:8      | Slain by an orc warrior
  9215 | D:8      | Reached XP level 8. HP: 0/36 MP: 16/16
  9215 | D:8      | Quit the game

Illustrated notes

Levels and vault maps discovered:
D:1:      roderic_chinese_lattice_arrival, layout_basic, serial_rivers,
          chequers_serial_rivers_room_a, chequers_serial_rivers_small_a,
          chequers_serial_rivers_room_a, chequers_serial_rivers_micro_c,
          serial_shops, nicolae_diamond_shop, chequers_ecumenical_altar_simple,
          grunt_decor_resistance
D:2:      layout_rooms, uniq_sigmund
D:3:      layout_basic, overflow_temple_1_default,
          nicolae_tso_swordbearing_angel, minmay_misc_feat_pillars
D:4:      layout_cave_pods
D:5:      layout_cave_pools, minitemple, mainiacjoe_overflow_catwalk,
          nicolae_ossuary_entry_catacombs, st_stairs_9
D:6:      layout_loops_corners, kennysheep_mini, gup_sewer_entry_bowl,
          serial_shops, nicolae_shop_hallway_plus, kennysheep_little_box, shop,
          shop, nicolae_shop_crystal
D:7:      layout_basic, overflow_temple_1_default, demons_altar, temple_statues
D:8:      minmay_curly_fans, layout_basic, erik_lair_orcish_takeover

Skill      XL: |  1  2  3  4  5  6  7  8  9 |
---------------+----------------------------+-----
Ice Magic      | 4 5 6 7 |  7.8
Fighting       | 1 2 4 |  4.0
Spellcasting   | 3 4 5 |  5.0
Stealth        | 3 4 |  4.0
Dodging        | 3 4 |  4.0
Unarmed Combat | 1 2 |  2.0
Evocations     | 1 2 |  2.0
Conjurations   | 1 7 6 |  7.0
Earth Magic    | 1 3 4 |  4.0

Action                   |  1- 3 |  4- 6 |  7- 9 || total
-------------------------+-------+-------+-------++-------
Melee: Unarmed           |    15 |     5 |   218 ||   238
       Bite              |     2 |       |    38 ||    40
       Punch             |     1 |       |     4 ||     5
 Cast: Freeze            |    49 |    36 |    71 ||   156
       Frozen Ramparts   |     5 |    13 |    42 ||    60
       Ozocubu's Armour  |     1 |     8 |    34 ||    43
       Stone Arrow       |       |       |    40 ||    40
Evoke: Wand              |       |       |     8 ||     8
  Use: Scroll            |     5 |     1 |    16 ||    22
       Potion            |       |       |     4 ||     4
 Stab: Sleeping          |     6 |     5 |     9 ||    20
Armor: Skin              |     6 |    10 |    87 ||   103
Dodge: Dodged            |    33 |    35 |   226 ||   294

Table legend: (Time is in decaauts)
 A = Elapsed time spent in this place.
 B = Non-inter-level travel time spent in this place.
 C = Inter-level travel time spent in this place.
 D = Time resting spent in this place.
 E = Time spent auto-exploring this place.
 F = Levels seen in this place.
 G = Mean time per level.
                   A        B        C        D        E       F      G
               +--------+--------+--------+--------+--------+-----+--------+
         Total |   8219 |   7695 |    524 |   1920 |   4171 |  10 |  821.9 |
       Dungeon |   7892 |   7368 |    524 |   1766 |   4171 |   8 |  986.5 |
         Sewer |    292 |    292 |      0 |    154 |      0 |   1 |  292.0 |
       Ossuary |     34 |     34 |      0 |      0 |      0 |   1 |   34.0 |
               +--------+--------+--------+--------+--------+-----+--------+

Top non-repeatable levels by time:
     D:5: 1560 daAuts
     D:6: 1324 daAuts
     D:7: 1159 daAuts
     D:2: 1099 daAuts
     D:1: 1039 daAuts
     D:4: 768 daAuts
     D:3: 563 daAuts
     D:8: 375 daAuts
   Sewer: 292 daAuts
 Ossuary: 34 daAuts
